[Event "2nd Mix Bassano 2021"]
[Site "Bassano del Grappa"]
[Date "2021.03.24"]
[Round "2.4"]
[White "Checa, Nicolas"]
[Black "Shetty, Atulya"]
[Result "1/2-1/2"]
[ECO "D15"]
[WhiteElo "2546"]
[BlackElo "2447"]
[Annotator "RC"]
[PlyCount "74"]
[EventDate "2021.03.24"]
[EventType "swiss"]
[EventCountry "ITA"]
[SourceTitle "playchess.com"]
[Source "ChessBase"]
[SourceQuality "1"]
[TimeControl "5400+30"]

1. d4 d5 2. c4 c6 3. Nf3 Nf6 4. Nc3 a6 5. Qc2 e6 6. e4 dxe4 7. Nxe4 Bb4+ 8. Bd2 Bxd2+ 9. Nexd2 c5 10. dxc5 Qc7 11. a3 a5 12. Bd3 Nbd7 13. c6 Qxc6 14. Ne4 Nc5 15. Nxc5 Qxc5 16. O-O a4 17. Rfe1 O-O 18. Re5 Qc7 19. Qc3 h6 20. Rae1 Bd7 21. h3 Rfd8 22. Nd4 b6 23. c5 Rac8 24. Ba6 Ra8 25. Bb5 bxc5 26. Rxc5 Qb6 27. Bc6 Bxc6 28. Nxc6 Rd7 29. Rc4 Nd5 30. Qc2 Rc7 31. Rc1 g6 32. Qd2 Kg7 33. Nb4 Rxc4 34. Rxc4 Nxb4 35. Qc3+ Kg8 36. Rxb4 Qd6 37. Qf3 Rc8 1/2-1/2

[Event "2nd Mix Bassano 2021"]
[Site "Bassano del Grappa"]
[Date "2021.03.24"]
[Round "2.6"]
[White "Bellahcene, Bilel"]
[Black "Tomazini, Zan"]
[Result "1-0"]
[ECO "E04"]
[WhiteElo "2517"]
[BlackElo "2416"]
[Annotator "RC"]
[PlyCount "70"]
[EventDate "2021.03.24"]
[EventType "swiss"]
[EventCountry "ITA"]
[SourceTitle "playchess.com"]
[Source "ChessBase"]
[SourceQuality "1"]
[TimeControl "5400+30"]

1. d4 Nf6 2. c4 Nc6 3. Nf3 e6 4. g3 d5 5. Bg2 dxc4 6. O-O Rb8 7. e3 Be7 8. Nfd2 e5 9. Bxc6+ bxc6 10. dxe5 Ng4 11. Nxc4 Qd5 12. b3 f6 13. Bb2 Be6 14. Qc2 Nxe5 15. Nxe5 fxe5 16. Rd1 Qb5 17. Nc3 Qb4 18. Na4 Bd6 19. Qxc6+ Bd7 20. Qd5 Bxa4 21. Qe6+ Kf8 22. Qf5+ Ke7 23. Bxe5 Bc6 24. Qg5+ Ke6 25. Bxd6 cxd6 26. Rd4 Qc5 27. Qg4+ Ke7 28. Qxg7+ Ke6 29. Rf4 Qh5 30. Rf6+ Kd5 31. e4+ Kxe4 32. Rf4+ Kd5 33. Rd4+ Kc5 34. Qxa7+ Rb6 35. Rc4+ Kd5 1-0

[Event "2nd Mix Bassano 2021"]
[Site "Bassano del Grappa"]
[Date "2021.03.25"]
[Round "3.1"]
[White "Niemann, Hans Moke"]
[Black "Bernadskiy, Vitaliy"]
[Result "0-1"]
[ECO "A31"]
[WhiteElo "2526"]
[BlackElo "2599"]
[Annotator "ChessBase"]
[PlyCount "80"]
[EventDate "2021.03.24"]
[EventType "swiss"]
[EventCountry "ITA"]
[SourceTitle "playchess.com"]
[Source "ChessBase"]
[SourceQuality "1"]
[TimeControl "5400+30"]

1. d4 Nf6 2. c4 c5 3. Nf3 cxd4 4. Nxd4 b6 5. e4 d6 6. Nc3 Bb7 7. f3 e6 8. Be3 a6 9. g4 Nc6 10. Nxc6 Bxc6 11. g5 Nd7 12. h4 Be7 13. Qd4 O-O 14. O-O-O b5 15. Kb1 Ne5 16. f4 b4 17. Ne2 Ng4 18. Bh3 e5 19. fxe5 Nxe5 20. Rhf1 b3 21. axb3 Qb8 22. Qc3 Bxe4+ 23. Ka1 d5 24. Bf4 Qb5 25. Nc1 Nc6 26. Na2 Nb4 27. Bc7 Nc2+ 28. Kb1 Qb7 29. Bf5 Ne3+ 30. Bxe4 Nxd1 31. Rxd1 dxe4 32. Ba5 Rab8 33. Kc2 Rfe8 34. Nc1 e3 35. Ne2 Qe4+ 36. Qd3 Qxh4 37. Rg1 Bxg5 38. Bc3 Bf6 39. c5 Rbd8 40. Qc4 Qf2 0-1

[Event "2nd Mix Bassano 2021"]
[Site "Bassano del Grappa"]
[Date "2021.03.25"]
[Round "3.3"]
[White "Checa, Nicolas"]
[Black "Sonis, Francesco"]
[Result "0-1"]
[ECO "E15"]
[WhiteElo "2546"]
[BlackElo "2477"]
[Annotator "ChessBase"]
[PlyCount "94"]
[EventDate "2021.03.24"]
[EventType "swiss"]
[EventCountry "ITA"]
[SourceTitle "playchess.com"]
[Source "ChessBase"]
[SourceQuality "1"]
[TimeControl "5400+30"]

1. d4 Nf6 2. c4 e6 3. Nf3 b6 4. g3 Ba6 5. Qc2 d5 6. cxd5 exd5 7. Bg2 Be7 8. O-O O-O 9. Nc3 Bb7 10. Ne5 Na6 11. Bf4 c5 12. Rad1 Qc8 13. dxc5 bxc5 14. a3 Rd8 15. Bg5 Nc7 16. Qb3 Rb8 17. Qa2 Qe6 18. Bxf6 gxf6 19. Nd3 d4 20. Qxe6 fxe6 21. Na4 c4 22. Bxb7 Rxb7 23. Ne1 Nb5 24. Nf3 Rc7 25. e3 e5 26. exd4 exd4 27. Rfe1 Kf7 28. Re2 Rd6 29. Re4 Ra6 30. Nxd4 Nxd4 31. Nc3 Nf3+ 32. Kg2 Ne5 33. Rh4 Kg7 34. Re4 Rb7 35. Rd2 Rd6 36. Rde2 Rdd7 37. Na4 Rbc7 38. Rc2 Rd3 39. f4 Ng4 40. Rce2 Kf7 41. h3 f5 42. Re6 Nf6 43. R6e5 Rd5 44. Nc3 Rxe5 45. fxe5 Ne4 46. Nxe4 fxe4 47. Rxe4 Ke6 0-1

[Event "2nd Mix Bassano 2021"]
[Site "Bassano del Grappa"]
[Date "2021.03.25"]
[Round "3.5"]
[White "Formento, Paolo"]
[Black "Schreiner, Peter"]
[Result "1/2-1/2"]
[ECO "A25"]
[WhiteElo "2329"]
[BlackElo "2445"]
[Annotator "NA"]
[PlyCount "58"]
[EventDate "2021.03.24"]
[EventType "swiss"]
[EventCountry "ITA"]
[SourceTitle "playchess.com"]
[Source "ChessBase"]
[SourceQuality "1"]
[TimeControl "5400+30"]

1. c4 e5 2. Nc3 Nc6 3. g3 f5 4. Bg2 Nf6 5. d3 Bb4 6. Bd2 O-O 7. a3 Bxc3 8. Bxc3 d6 9. b4 Qe8 10. Nf3 h6 11. Nd2 $11 Nd8 12. e3 f4 13. O-O Bg4 14. Qc2 Qh5 15. exf4 exf4 16. f3 Bd7 17. g4 Qg5 18. Rae1 Nf7 19. Qb2 Rae8 20. Bxf6 Qxf6 21. Qxf6 gxf6 22. Ne4 Ne5 23. Rd1 f5 24. gxf5 Bxf5 25. Rfe1 Kf7 26. Kf2 Rg8 27. Bf1 Ng6 28. Nc3 c6 29. d4 Nh4 1/2-1/2

[Event "2nd Mix Bassano 2021"]
[Site "Bassano del Grappa"]
[Date "2021.03.25"]
[Round "3.7"]
[White "Bjerre, Jonas Buhl"]
[Black "Deuer, Marius"]
[Result "1-0"]
[ECO "E15"]
[WhiteElo "2549"]
[BlackElo "2231"]
[Annotator "ChessBase"]
[PlyCount "87"]
[EventDate "2021.03.24"]
[EventType "swiss"]
[EventCountry "ITA"]
[SourceTitle "playchess.com"]
[Source "ChessBase"]
[SourceQuality "1"]
[TimeControl "5400+30"]

1. d4 Nf6 2. c4 e6 3. Nf3 b6 4. g3 Ba6 5. b3 Bb4+ 6. Bd2 Be7 7. Nc3 d5 8. cxd5 exd5 9. Bg2 O-O 10. O-O Nbd7 11. Rc1 Bb7 12. Ne5 a6 13. Bf4 Re8 14. Na4 Nxe5 15. dxe5 Nh5 16. Be3 g6 17. Qc2 b5 18. Qxc7 Rb8 19. Qxd8 Rexd8 20. Nc5 Bxc5 21. Bxc5 Ng7 22. e3 Ne6 23. Be7 Re8 24. Bd6 Rbc8 25. f4 h5 26. h3 Red8 27. g4 hxg4 28. hxg4 f5 29. gxf5 gxf5 30. Kf2 Kf7 31. Bf3 Ng7 32. Rh1 Ba8 33. Rxc8 Rxc8 34. Rh6 Bc6 35. Rf6+ Kg8 36. e6 Ne8 37. Rf8+ Kg7 38. Rf7+ Kg6 39. Be5 Ra8 40. Kg3 Rd8 41. Rf8 Ra8 42. Rg8+ Kh7 43. Rh8+ Kg6 44. Bh5# 1-0

[Event "2nd Mix Bassano 2021"]
[Site "Bassano del Grappa"]
[Date "2021.03.25"]
[Round "3.9"]
[White "Janzelj, Tim"]
[Black "Pasini, Nicolo"]
[Result "1-0"]
[ECO "B31"]
[WhiteElo "2468"]
[BlackElo "2220"]
[Annotator "RC"]
[PlyCount "71"]
[EventDate "2021.03.24"]
[EventType "swiss"]
[EventCountry "ITA"]
[SourceTitle "playchess.com"]
[Source "ChessBase"]
[SourceQuality "1"]
[TimeControl "5400+30"]

1. e4 c5 2. Nf3 Nc6 3. Bb5 g6 4. O-O Bg7 5. c3 Nf6 6. Re1 O-O 7. d4 d5 8. e5 Ne4 9. Be3 Qb6 10. Bxc6 bxc6 11. Qc1 Rb8 12. b3 Qa5 13. dxc5 Rxb3 14. axb3 Qxa1 15. b4 Bd7 16. Nd4 Bxe5 17. f3 Nf6 18. Nc2 Qa2 19. Bg5 Bf5 20. Rxe5 Qxc2 21. Qxc2 Bxc2 22. Na3 Nd7 23. Rxe7 Bf5 24. g4 Be6 25. Nc2 a5 26. Nd4 a4 27. Nxe6 fxe6 28. Rxd7 Ra8 29. Rd8+ Rxd8 30. Bxd8 a3 31. Bf6 Kf7 32. Be5 a2 33. c4 dxc4 34. Kf2 c3 35. Bxc3 e5 36. Ke3 1-0

[Event "2nd Mix Bassano 2021"]
[Site "Bassano del Grappa"]
[Date "2021.03.25"]
[Round "4.10"]
[White "Kuhn, Clement"]
[Black "Orfini, Nicolo`"]
[Result "1/2-1/2"]
[ECO "A34"]
[WhiteElo "2278"]
[BlackElo "2214"]
[Annotator "ChessBase"]
[PlyCount "103"]
[EventDate "2021.03.24"]
[EventType "swiss"]
[EventCountry "ITA"]
[SourceTitle "playchess.com"]
[Source "ChessBase"]
[SourceQuality "1"]
[TimeControl "5400+30"]

1. Nf3 Nf6 2. c4 b6 3. Nc3 Bb7 4. e3 c5 5. Be2 g6 6. O-O Bg7 7. d4 cxd4 8. exd4 d5 9. Ne5 O-O 10. Bf3 a6 11. Be3 Ra7 12. b3 e6 13. Qc2 Nc6 14. Nxc6 Bxc6 15. b4 Qa8 16. c5 bxc5 17. bxc5 Ne4 18. Na4 f5 19. Nb6 Qe8 20. Bxe4 fxe4 21. a4 g5 22. Qd1 Qg6 23. Qg4 Qf5 24. Qg3 e5 25. Rad1 h6 26. h3 Raf7 27. dxe5 Bxe5 28. Qg4 Qg6 29. Nxd5 Bxa4 30. Rb1 Bd7 31. Qd1 Bb5 32. Re1 Kh7 33. Qg4 h5 34. Qxg5 Qxg5 35. Bxg5 Rxf2 36. Be7 R8f7 37. Bd6 Bd4 38. Kh2 Bd3 39. Rb4 Bb2 40. Bg3 Ba3 41. Bxf2 Bxb4 42. Nxb4 Rxf2 43. c6 Rf8 44. c7 a5 45. Nd5 Ba6 46. Rxe4 Bb7 47. Rc4 a4 48. Rc2 a3 49. Nb6 h4 50. Nc4 Ra8 51. Nxa3 Rxa3 52. c8=N 1/2-1/2

[Event "2nd Mix Bassano 2021"]
[Site "Bassano del Grappa"]
[Date "2021.03.26"]
[Round "6.9"]
[White "Formento, Paolo"]
[Black "Orfini, Nicolo`"]
[Result "1-0"]
[ECO "A26"]
[WhiteElo "2329"]
[BlackElo "2214"]
[Annotator "ChessBase"]
[PlyCount "47"]
[EventDate "2021.03.24"]
[EventType "swiss"]
[EventCountry "ITA"]
[SourceTitle "playchess.com"]
[Source "ChessBase"]
[SourceQuality "1"]
[TimeControl "5400+30"]

1. c4 d6 2. Nc3 Nf6 3. e4 e5 4. Nge2 g6 5. g3 Bg7 6. Bg2 Nc6 7. d3 Bd7 8. O-O Qc8 9. Nd5 Nxd5 10. cxd5 Nd4 11. Nxd4 exd4 12. Bf4 O-O 13. Rc1 Be5 14. Bh6 Re8 15. f4 Bh8 16. f5 c5 17. dxc6 Bxc6 18. Bh3 Qc7 19. b4 a6 20. a4 Qe7 21. Qb3 Rad8 22. fxg6 hxg6 23. Bg5 Bxa4 24. Qa2 1-0

[Event "2nd Mix Bassano 2021"]
[Site "Bassano del Grappa"]
[Date "2021.03.27"]
[Round "7.1"]
[White "Niemann, Hans Moke"]
[Black "Sonis, Francesco"]
[Result "1/2-1/2"]
[ECO "E08"]
[WhiteElo "2526"]
[BlackElo "2477"]
[Annotator "ChessBase"]
[PlyCount "132"]
[EventDate "2021.03.24"]
[EventType "swiss"]
[EventCountry "ITA"]
[SourceTitle "playchess.com"]
[Source "ChessBase"]
[SourceQuality "1"]
[TimeControl "5400+30"]

1. d4 Nf6 2. c4 e6 3. Nf3 d5 4. g3 Bb4+ 5. Bd2 Be7 6. Bg2 O-O 7. O-O c6 8. Qc2 b6 9. Bf4 Bb7 10. Rd1 Nbd7 11. Nc3 Nh5 12. Bc1 f5 13. b3 Rc8 14. e3 Bd6 15. Ne2 c5 16. Ba3 Qe7 17. Rac1 dxc4 18. bxc4 Be4 19. Qb3 Nhf6 20. Nc3 e5 21. Nxe4 fxe4 22. dxe5 Nxe5 23. Nd2 Nf7 24. Bb2 Be5 25. a4 Rcd8 26. Bxe5 Qxe5 27. Qc2 Rde8 28. a5 Qe6 29. axb6 axb6 30. Nb1 Ng5 31. Nc3 Ng4 32. Rd2 Nf3+ 33. Bxf3 Rxf3 34. h3 Nf6 35. Kg2 Qxc4 36. Rb1 Rb8 37. Na4 Qxc2 38. Rxc2 Nd7 39. Nc3 Rf6 40. Nxe4 Rc6 41. Nc3 c4 42. f4 Nc5 43. Kf3 Nb3 44. Na2 Rd8 45. Ke2 Rcd6 46. Rbb2 b5 47. Nc3 Rb8 48. Kf2 b4 49. Na2 Rc6 50. e4 Rcc8 51. Ke3 Kf7 52. g4 Ke6 53. h4 Kd6 54. g5 Rc5 55. f5 Rb7 56. h5 Kc6 57. g6 hxg6 58. hxg6 Kb5 59. Rg2 Rc8 60. e5 Ka4 61. f6 c3 62. Rbf2 Nc5 63. fxg7 Rxg7 64. Rf7 Rxf7 65. gxf7 Rf8 66. Rg4 Rxf7 1/2-1/2

[Event "2nd Mix Bassano 2021"]
[Site "Bassano del Grappa"]
[Date "2021.03.27"]
[Round "7.2"]
[White "Bernadskiy, Vitaliy"]
[Black "Bellahcene, Bilel"]
[Result "1/2-1/2"]
[ECO "B22"]
[WhiteElo "2599"]
[BlackElo "2517"]
[Annotator "ChessBase"]
[PlyCount "43"]
[EventDate "2021.03.24"]
[EventType "swiss"]
[EventCountry "ITA"]
[SourceTitle "playchess.com"]
[Source "ChessBase"]
[SourceQuality "1"]
[TimeControl "5400+30"]

1. e4 c5 2. Nf3 e6 3. c3 d5 4. exd5 Qxd5 5. d4 Nc6 6. Na3 a6 7. Nc4 Qd8 8. Be3 cxd4 9. Nxd4 Bd7 10. Qe2 b5 11. Nxc6 Bxc6 12. Ne5 Bd5 13. a4 bxa4 14. Rxa4 Bd6 15. Bd4 Nf6 16. Ng4 Be7 17. Qd1 O-O 18. Bd3 a5 19. O-O Bc6 20. Rc4 Bd5 21. Ra4 Bc6 22. Rc4 1/2-1/2

[Event "2nd Mix Bassano 2021"]
[Site "Bassano del Grappa"]
[Date "2021.03.27"]
[Round "7.3"]
[White "Checa, Nicolas"]
[Black "Moroni, Luca Jr"]
[Result "1/2-1/2"]
[ECO "B08"]
[WhiteElo "2546"]
[BlackElo "2552"]
[Annotator "ChessBase"]
[PlyCount "78"]
[EventDate "2021.03.24"]
[EventType "swiss"]
[EventCountry "ITA"]
[SourceTitle "playchess.com"]
[Source "ChessBase"]
[SourceQuality "1"]
[TimeControl "5400+30"]

1. d4 d6 2. e4 Nf6 3. Nc3 g6 4. Be3 Bg7 5. h3 O-O 6. Nf3 a6 7. a4 Nc6 8. a5 e6 9. Be2 b5 10. axb6 cxb6 11. O-O Bb7 12. d5 exd5 13. Nxd5 Nxd5 14. Qxd5 b5 15. Qb3 Re8 16. Bd3 Qc7 17. c3 Na5 18. Qc2 d5 19. Nd2 Nc4 20. Bxc4 dxc4 21. Bd4 Rad8 22. Bxg7 Kxg7 23. f3 Qf4 24. Rf2 Rd6 25. Nf1 Red8 26. Qc1 Qxc1 27. Rxc1 f5 28. exf5 gxf5 29. Ne3 Kf6 30. Nc2 Rd1+ 31. Rxd1 Rxd1+ 32. Rf1 Rd2 33. Rf2 Rd1+ 34. Rf1 Rd3 35. Nb4 Rd2 36. Rf2 Rd1+ 37. Rf1 Rd6 38. Nc2 Rd2 39. Rf2 Rd1+ 1/2-1/2

[Event "2nd Mix Bassano 2021"]
[Site "Bassano del Grappa"]
[Date "2021.03.27"]
[Round "7.4"]
[White "Peralta, Fernando"]
[Black "Janzelj, Tim"]
[Result "1-0"]
[ECO "D35"]
[WhiteElo "2561"]
[BlackElo "2468"]
[Annotator "ChessBase"]
[PlyCount "127"]
[EventDate "2021.03.24"]
[EventType "swiss"]
[EventCountry "ITA"]
[SourceTitle "playchess.com"]
[Source "ChessBase"]
[SourceQuality "1"]
[TimeControl "5400+30"]

1. d4 d5 2. c4 e6 3. Nc3 Nf6 4. cxd5 exd5 5. Bg5 Be7 6. e3 c6 7. Bd3 Nbd7 8. Nge2 h6 9. Bh4 Nh5 10. Bxe7 Qxe7 11. Qd2 Nb6 12. f3 Bd7 13. O-O O-O 14. g4 Nf6 15. Nf4 c5 16. Rae1 cxd4 17. exd4 Qb4 18. Qf2 Rae8 19. h4 Qd6 20. Qh2 g6 21. a3 Rxe1 22. Rxe1 Re8 23. Rxe8+ Bxe8 24. Ng2 Qxh2+ 25. Kxh2 Kf8 26. Ne3 Bc6 27. Kg3 Ke7 28. Kf4 a6 29. b3 Nfd7 30. h5 Nf8 31. Kg3 Kf6 32. f4 Ne6 33. hxg6 fxg6 34. Bxg6 Nxd4 35. Bc2 Kg7 36. Nf5+ Nxf5+ 37. Bxf5 a5 38. Bc2 Nc8 39. Ne2 Nd6 40. Nd4 Bd7 41. g5 b6 42. Kh4 Nb5 43. Nxb5 Bxb5 44. Kg3 d4 45. Kf3 Bc6+ 46. Be4 Bd7 47. Bd5 Bf5 48. Be4 Be6 49. b4 axb4 50. axb4 Bd7 51. Bd3 Bc6+ 52. Kg4 Bd7+ 53. Kh5 hxg5 54. Kxg5 Kf7 55. f5 Bc6 56. Bc4+ Ke7 57. f6+ Kd6 58. Kg6 Be8+ 59. f7 Bxf7+ 60. Kxf7 Ke5 61. Ke7 d3 62. Bxd3 Kd4 63. Bf1 b5 64. Kd6 1-0

[Event "2nd Mix Bassano 2021"]
[Site "Bassano del Grappa"]
[Date "2021.03.27"]
[Round "7.5"]
[White "Bjerre, Jonas Buhl"]
[Black "Di Benedetto, Edoardo"]
[Result "1-0"]
[ECO "E06"]
[WhiteElo "2549"]
[BlackElo "2400"]
[Annotator "ChessBase"]
[PlyCount "117"]
[EventDate "2021.03.24"]
[EventType "swiss"]
[EventCountry "ITA"]
[SourceTitle "playchess.com"]
[Source "ChessBase"]
[SourceQuality "1"]
[TimeControl "5400+30"]

1. d4 d5 2. c4 e6 3. Nf3 Nf6 4. g3 Be7 5. Bg2 O-O 6. Nc3 dxc4 7. Ne5 Nc6 8. Bxc6 bxc6 9. Nxc6 Qe8 10. Nxe7+ Qxe7 11. Qa4 c5 12. dxc5 Qxc5 13. Be3 Qh5 14. f3 Bb7 15. Kf2 Rfc8 16. Rad1 Qf5 17. h3 Nd5 18. Nxd5 Bxd5 19. Bd4 Bc6 20. Qb4 e5 21. Qa5 f6 22. Bc3 Qe6 23. g4 Bb7 24. e4 Qb6+ 25. Qxb6 axb6 26. Rd6 Rxa2 27. Rxb6 Rc7 28. Rd6 Kf7 29. Rhd1 Bc8 30. Rd8 Be6 31. h4 Rc8 32. R8d6 Ra7 33. Rb6 Rd7 34. Ra1 Rdc7 35. Raa6 Bd7 36. Rd6 Re8 37. g5 Re6 38. h5 Rxd6 39. Rxd6 fxg5 40. Bxe5 Rb7 41. h6 gxh6 42. Rxh6 Kg8 43. Rh5 g4 44. f4 Bc6 45. Ke3 Rd7 46. Bd4 Re7 47. Rg5+ Kf7 48. e5 h6 49. Rf5+ Kg8 50. Rf6 Bd5 51. f5 g3 52. Rg6+ Rg7 53. Rxg7+ Kxg7 54. e6+ Kf8 55. Kf4 g2 56. Ke5 Bf3 57. Bc5+ Ke8 58. f6 Bh5 59. Ke4 1-0

[Event "2nd Mix Bassano 2021"]
[Site "Bassano del Grappa"]
[Date "2021.03.27"]
[Round "7.6"]
[White "Schreiner, Peter"]
[Black "Martin Duque, Jesus"]
[Result "1-0"]
[ECO "A10"]
[WhiteElo "2445"]
[BlackElo "2454"]
[Annotator "ChessBase"]
[PlyCount "103"]
[EventDate "2021.03.24"]
[EventType "swiss"]
[EventCountry "ITA"]
[SourceTitle "playchess.com"]
[Source "ChessBase"]
[SourceQuality "1"]
[TimeControl "5400+30"]

1. c4 b6 2. Nc3 Bb7 3. e4 e5 4. Nf3 Nc6 5. d4 exd4 6. Nxd4 Bc5 7. Nf5 g6 8. Ne3 Nf6 9. g3 O-O 10. Bg2 Re8 11. O-O Ne5 12. b3 b5 13. cxb5 a6 14. b6 cxb6 15. Ned5 Nxd5 16. Nxd5 a5 17. h4 f6 18. Be3 Ba6 19. Bxc5 bxc5 20. Re1 Kg7 21. Qd2 d6 22. Rad1 Ra7 23. Nc3 Rd7 24. f4 Nf7 25. Nd5 Bb5 26. Qc3 Bc6 27. g4 Bxd5 28. Rxd5 h6 29. g5 hxg5 30. hxg5 Ra7 31. gxf6+ Qxf6 32. e5 dxe5 33. fxe5 Qe6 34. Rd6 Qe7 35. e6+ Kh7 36. exf7 Qxe1+ 37. Qxe1 Rxe1+ 38. Kf2 Rxf7+ 39. Kxe1 Rf4 40. Rd5 Rg4 41. Kf2 a4 42. Rxc5 axb3 43. axb3 Rb4 44. Rc7+ Kh6 45. Rb7 Rd4 46. Ke3 Rg4 47. Bf3 Rh4 48. b4 Kg5 49. Be4 Kf6 50. b5 g5 51. Kd4 Rh8 52. Rb6+ 1-0

[Event "2nd Mix Bassano 2021"]
[Site "Bassano del Grappa"]
[Date "2021.03.27"]
[Round "7.7"]
[White "Shetty, Atulya"]
[Black "Formento, Paolo"]
[Result "0-1"]
[ECO "A37"]
[WhiteElo "2447"]
[BlackElo "2329"]
[Annotator "ChessBase"]
[PlyCount "134"]
[EventDate "2021.03.24"]
[EventType "swiss"]
[EventCountry "ITA"]
[SourceTitle "playchess.com"]
[Source "ChessBase"]
[SourceQuality "1"]
[TimeControl "5400+30"]

1. c4 c5 2. g3 Nc6 3. Bg2 g6 4. Nc3 Bg7 5. Nf3 d6 6. O-O e5 7. a3 a5 8. d3 Nge7 9. Rb1 O-O 10. b3 h6 11. Nd2 Be6 12. Nd5 Rb8 13. Bb2 b5 14. e3 Qd7 15. Qc2 b4 16. Ra1 Bh3 17. Ne4 Nxd5 18. Bxh3 Nxe3 19. Bxd7 Nxc2 20. Bxc6 bxa3 21. Bc3 Nxa1 22. Rxa1 Rxb3 23. Ba4 Rfb8 24. Bxb3 Rxb3 25. Bxa5 f5 26. Nd2 Rxd3 27. Kf1 e4 28. Ra2 Kf7 29. Ke2 Ke6 30. Nf1 Rb3 31. Bd2 g5 32. Bc1 Bb2 33. Nd2 Rb4 34. Kd1 Ke5 35. Bxb2+ axb2 36. Kc2 f4 37. Ra8 b1=Q+ 38. Nxb1 Rxc4+ 39. Kd2 Rb4 40. Na3 Rb2+ 41. Nc2 d5 42. Re8+ Kf5 43. h3 fxg3 44. fxg3 d4 45. Kc1 Rb3 46. Rc8 Rc3 47. Kd1 e3 48. Ne1 Ke4 49. Rh8 Ra3 50. Rxh6 d3 51. Nxd3 Rxd3+ 52. Ke1 Kf3 53. Rf6+ Kxg3 54. Rf5 Kh4 55. Rxc5 Rd2 56. Re5 Rh2 57. Re4+ Kxh3 58. Rxe3+ Kg2 59. Re2+ Kg1 60. Re3 g4 61. Rg3+ Rg2 62. Ra3 g3 63. Ra7 Rb2 64. Rg7 g2 65. Rg8 Rb7 66. Rh8 Re7+ 67. Kd2 Re5 0-1

[Event "2nd Mix Bassano 2021"]
[Site "Bassano del Grappa"]
[Date "2021.03.27"]
[Round "7.8"]
[White "Tomazini, Zan"]
[Black "Diermair, Andreas"]
[Result "0-1"]
[ECO "C50"]
[WhiteElo "2416"]
[BlackElo "2487"]
[Annotator "ChessBase"]
[PlyCount "88"]
[EventDate "2021.03.24"]
[EventType "swiss"]
[EventCountry "ITA"]
[SourceTitle "playchess.com"]
[Source "ChessBase"]
[SourceQuality "1"]
[TimeControl "5400+30"]

1. e4 e5 2. Nf3 Nc6 3. Bc4 Bc5 4. d3 Nf6 5. Bb3 O-O 6. h3 a5 7. a4 d5 8. exd5 Nxd5 9. O-O Nd4 10. Nxd4 Bxd4 11. Nd2 Ra6 12. Qf3 Ne7 13. Ne4 Be6 14. Ra3 Rc6 15. Bxe6 Rxe6 16. Rb3 Bb6 17. Be3 f5 18. Ng5 Rg6 19. Bxb6 cxb6 20. Qh5 h6 21. Nf3 Qe8 22. Kh1 Nd5 23. Nh4 Nf4 24. Qf3 Rc6 25. d4 g5 26. dxe5 Qxe5 27. Rb5 Qe6 28. g3 Ne2 29. Nxf5 Nd4 30. Nxh6+ Qxh6 31. Qd5+ Ne6 32. Kg2 Qf6 33. c3 Rf7 34. Qe4 Rd6 35. Qe3 Nc5 36. b4 Re6 37. Qd4 Qf3+ 38. Kg1 Ne4 39. Rd5 Kh7 40. Rd8 Ref6 41. Re1 Nxf2 42. Kh2 Qf5 43. g4 Qf3 44. Qe3 Nxg4+ 0-1

[Event "2nd Mix Bassano 2021"]
[Site "Bassano del Grappa"]
[Date "2021.03.27"]
[Round "7.9"]
[White "Solomon, Kenny"]
[Black "Pasini, Nicolo"]
[Result "1/2-1/2"]
[ECO "A56"]
[WhiteElo "2357"]
[BlackElo "2220"]
[Annotator "ChessBase"]
[PlyCount "124"]
[EventDate "2021.03.24"]
[EventType "swiss"]
[EventCountry "ITA"]
[SourceTitle "playchess.com"]
[Source "ChessBase"]
[SourceQuality "1"]
[TimeControl "5400+30"]

1. d4 Nf6 2. c4 c5 3. d5 a6 4. a4 d6 5. Nc3 g6 6. e4 Bg7 7. Bd3 e6 8. h3 a5 9. Nf3 e5 10. Bg5 Na6 11. Nb5 h6 12. Be3 Qe7 13. g4 Bd7 14. Qb3 b6 15. O-O-O Kd8 16. Nd2 Nb4 17. Be2 Bxb5 18. cxb5 Nd7 19. h4 Kc7 20. Kb1 Bf6 21. Nf3 Kb7 22. Qc4 Raf8 23. Rdg1 Bg7 24. g5 Rfg8 25. Qc1 hxg5 26. hxg5 Qd8 27. Nd2 Rxh1 28. Rxh1 Rh8 29. Nc4 Kc7 30. Qg1 Qe8 31. Rxh8 Qxh8 32. Kc1 f5 33. gxf6 Bxf6 34. Kd2 g5 35. Bg4 Qg7 36. Qh1 Nf8 37. Qh5 Qg6 38. Qh1 Qg7 39. Qf3 Qg6 40. Bf5 Qh6 41. Bh3 Qg6 42. Qg4 Qe8 43. Qf5 Be7 44. Bg4 Qd8 45. Kc3 Na2+ 46. Kb3 Nb4 47. Bd2 Qe8 48. Bxg5 Bxg5 49. Qxg5 Qf7 50. Bf5 Nd3 51. f3 Nf4 52. Qh6 Qe7 53. Qh2 Qf6 54. Ne3 Qg5 55. Ka2 Nh5 56. Ng4 Qc1 57. Qxh5 Qc4+ 58. Kb1 Qf1+ 59. Kc2 Qe2+ 60. Kc1 Qe1+ 61. Kc2 Qe2+ 62. Kc3 Qe1+ 1/2-1/2

[Event "2nd Mix Bassano 2021"]
[Site "Bassano del Grappa"]
[Date "2021.03.27"]
[Round "7.10"]
[White "Hapala, Elisabeth"]
[Black "Yu, Jennifer"]
[Result "1/2-1/2"]
[ECO "B06"]
[WhiteElo "2116"]
[BlackElo "2275"]
[Annotator "NA"]
[PlyCount "64"]
[EventDate "2021.03.24"]
[EventType "swiss"]
[EventCountry "ITA"]
[SourceTitle "playchess.com"]
[Source "ChessBase"]
[SourceQuality "1"]
[TimeControl "5400+30"]

1. e4 g6 2. d4 Bg7 3. Nc3 d6 4. Be3 a6 5. Qd2 b5 6. h4 h5 7. f3 Bb7 8. Nh3 Nd7 9. Ng5 Ngf6 10. O-O-O e6 11. Bd3 Qe7 12. Kb1 c5 13. dxc5 dxc5 14. e5 (14. Bf4 $11) 14... Nxe5 15. Nce4 Nxe4 16. Nxe4 Bxe4 17. Bxe4 {[%emt 0:02:29] [#]} Nc4 $1 18. Bc6+ Kf8 $17 19. Qd7 Nxe3 20. Bxa8 Nxd1 21. Rxd1 Be5 22. Bb7 a5 23. Qxb5 Kg7 24. a4 Bd4 25. c3 Bf2 26. Rd7 Qxh4 27. Qxa5 Rf8 28. Qb6 Qxa4 29. Qxe6 Kg8 30. Qe7 Bd4 31. cxd4 Qd1+ 32. Ka2 Qa4+ 1/2-1/2

[Event "2nd Mix Bassano 2021"]
[Site "Bassano del Grappa"]
[Date "2021.03.27"]
[Round "8.2"]
[White "Checa, Nicolas"]
[Black "Bernadskiy, Vitaliy"]
[Result "1/2-1/2"]
[ECO "A37"]
[WhiteElo "2546"]
[BlackElo "2599"]
[Annotator "ChessBase"]
[PlyCount "26"]
[EventDate "2021.03.24"]
[EventType "swiss"]
[EventCountry "ITA"]
[SourceTitle "playchess.com"]
[Source "ChessBase"]
[SourceQuality "1"]
[TimeControl "5400+30"]

1. c4 c5 2. g3 Nc6 3. Bg2 g6 4. Nf3 Bg7 5. O-O d6 6. Nc3 Bd7 7. d3 a6 8. Bd2 Rb8 9. a4 Nf6 10. Qc1 O-O 11. Bh6 Nd4 12. Bxg7 Nxf3+ 13. Bxf3 Kxg7 1/2-1/2

[Event "2nd Mix Bassano 2021"]
[Site "Bassano del Grappa"]
[Date "2021.03.27"]
[Round "8.3"]
[White "Bellahcene, Bilel"]
[Black "Peralta, Fernando"]
[Result "0-1"]
[ECO "B12"]
[WhiteElo "2517"]
[BlackElo "2561"]
[Annotator "ChessBase"]
[PlyCount "106"]
[EventDate "2021.03.24"]
[EventType "swiss"]
[EventCountry "ITA"]
[SourceTitle "playchess.com"]
[Source "ChessBase"]
[SourceQuality "1"]
[TimeControl "5400+30"]

1. e4 c6 2. d4 d5 3. e5 Bf5 4. h4 h5 5. c4 e6 6. Nc3 Ne7 7. Nge2 Nd7 8. Ng3 Bg6 9. Bg5 Qb6 10. Rc1 Qxb2 11. Bd3 dxc4 12. Bxc4 Rd8 13. Qf3 Nb6 14. Nce4 Qxd4 15. Bb3 Ned5 16. O-O Qxe5 17. Rfe1 Qc7 18. Bxd8 Qxd8 19. Ng5 Qf6 20. Qe2 Bb4 21. Rf1 Nf4 22. Qe3 O-O 23. Bc2 Bxc2 24. Rxc2 g6 25. Qb3 Be7 26. Re1 Rd8 27. a4 Rd3 28. Qb1 Qd4 29. Nf3 Rxf3 30. gxf3 Nh3+ 31. Kg2 Qxh4 32. Rh1 Nf4+ 33. Kf1 Qg5 34. Rg1 Nh3 35. Rh1 Nf4 36. Rg1 Qd5 37. Ne2 Qxf3 38. Nxf4 Qxf4 39. Re2 Bc5 40. Qc2 Bd4 41. Rg3 Nd5 42. Kg2 Qf6 43. Re4 Nf4+ 44. Kf1 e5 45. Rf3 c5 46. Rexf4 exf4 47. Qe4 g5 48. Qxb7 Kg7 49. Qd5 a5 50. Rb3 Qg6 51. Qd8 g4 52. Qd5 f3 53. Rb7 Qd3+ 0-1